 Dungeon Crawl Stone Soup version 0.31-a0-177-g4aa6249778 (webtiles) character file.

Game seed: 3239170148055199402

88 qw the Shooter (level 4, -4/40 HPs)
             Began as a Naga Hunter on June 18, 2023.
             Killed from afar by Natasha (7 damage)
             ... with a magic dart
             ... on level 2 of the Dungeon.
             The game lasted 00:00:32 (1262 turns).

qw the Shooter (Naga Hunter)                        Turns: 1262, Time: 00:00:33

Health: -4/40      AC:  2    Str: 13    XL:     4   Next: 53%
Magic:  4/4        EV: 10    Int: 10    God:
Gold:   94         SH:  0    Dex: 22    Spells: 3/3 levels left

rFire   . . .        Y - +0 shortbow
rCold   . . .        (shield currently unavailable)
rNeg    . . .        c - +0 leather armour
rPois   +            (no helmet)
rElec   .            (no cloak)
rCorr   .            (no gloves)
SInv    +            (no barding)
Will    .....        (no amulet)
Stlth   ++           h - +6 ring of dexterity
HPRegen 0.26/turn    (no ring)
MPRegen 0.09/turn

%: no passive effects
@: short of breath, very slow
A: AC +1, large, see invisible, deformed body, poison resistance, slowness 2,
spit poison 1, naga tail 1
a: Spit Poison


You were on level 2 of the Dungeon.
You visited 1 branch of the dungeon, and saw 3 of its levels.

You collected 94 gold pieces.


Innate Abilities, Weirdness & Mutations

Your serpentine skin is tough. (AC +1)
You have supernaturally acute eyesight. (SInv)
Armour fits poorly on your strangely shaped body.
Your system is resistant to poisons. (rPois)
You cover ground very slowly.
You can spit poison.
You have a snake-like lower body.


   Skills:
 + Level 2.5 Fighting
 - Level 5.0 Ranged Weapons
 - Level 1.5 Dodging
 - Level 1.5 Stealth


You had 3 spell levels left.
You didn't know any spells.
Your spell library was empty.

Inventory:

Hand Weapons
 Y - a +0 shortbow (weapon)
Armour
 c - a +0 leather armour (worn)
Jewellery
 h - a +6 ring of dexterity (left hand)
Scrolls
 e - a scroll of identify
Potions
 a - a potion of haste
 g - a potion of enlightenment
 j - a potion of attraction {unknown}
 k - a potion of curing {unknown}

Dungeon Overview and Level Annotations

Branches:
Dungeon (3/15)

Altars:

Annotations:
D:2 Natasha


Message History

Natasha is nearby!
Waypoint 2 assigned to D:3.
1252 ||| PLANNING SEWER
1252 ||| INVOKING Spit Poison.
Aiming: Spit Poison (1% risk of failure)
Press: ? - help, Shift-Dir - straight line, f - Natasha The splash of poison hits Natasha but does no damage.
Natasha is poisoned.
Natasha hisses angrily.
Natasha wildly gestures.
You feel troubled.
You shoot an arrow. The arrow hits Natasha.
Natasha is lightly wounded.
You shoot an arrow. The arrow barely misses Natasha.
Natasha claws you.
1255 ||| STAIRDANCE Natasha barely misses you.
You climb upwards.
There is a stone staircase leading down here.
You shoot an arrow. The arrow closely misses Natasha.
You have got your breath back.
Natasha looks more healthy.
Natasha claws you but does no damage.
1258 ||| INVOKING Spit Poison.
Aiming: Spit Poison (1% risk of failure)
Press: ? - help, Shift-Dir - straight line, f/p - Natasha The splash of poison misses Natasha.
Natasha casts a spell at you. The magic dart hits you!
You shoot an arrow. The arrow hits Natasha.
Natasha is severely wounded.
Natasha claws you! x2
You shoot an arrow. The arrow closely misses Natasha.
Natasha claws you.
You shoot an arrow. The arrow closely misses Natasha.
Natasha mewls in sadness.
Natasha claws you.
You shoot an arrow. The arrow misses Natasha.
Natasha casts a spell at you. The magic dart hits you!
You die...

## #. #########
#. #.......#
#####)
#.....<.#
#...%.
#.......#
#.###<
#.h.....# #.#
#. #@......#
##.# #.
####.#### ##..#
## #.# #..##
#.# #.## ###
#># #.# #.. #.#
##.####.. #.#
#........
#.#####.#.###..
########
#.##......# ##.


You could see Natasha.

Vanquished Creatures
  3 adders (D:2)
  2 worms (D:2)
  A dart slug (D:1)
  5 endoplasms (D:1)
  A giant cockroach (D:1)
  3 goblins
  5 hobgoblins (D:1)
  8 jackals
  3 kobolds
  3 quokkas
  5 ball pythons
  4 bats
  3 rats
46 creatures vanquished.

Notes
Turn   | Place    | Note
-------+----------+-------------------------------------------
     0 | D:1      | qw the Naga Hunter began the quest for the Orb.
     0 | D:1      | Reached XP level 1. HP: 19/19 MP: 1/1
     0 | D:1      | 0 ||| qw: Version: 0.3-a-7-ge0c9b40
     0 | D:1      | 0 ||| qw: Game counter: 770
     0 | D:1      | 0 ||| qw: Always use a shield: true
     0 | D:1      | 0 ||| qw: God list: Okawaru
     0 | D:1      | 0 ||| qw: Allow faded altars: false
     0 | D:1      | 0 ||| qw: Do Orc after D:15 true
     0 | D:1      | 0 ||| qw: Do second Lair branch before Depths: true
     0 | D:1      | 0 ||| qw: Lair rune preference: random
     0 | D:1      | 0 ||| qw: Plans: Normal
     0 | D:1      | 0 ||| PLANNING D:1-11
     6 | D:1      | 6 ||| INVOKING Spit Poison.
    82 | D:1      | 82 ||| INVOKING Spit Poison.
   134 | D:1      | Reached skill level 4 in Ranged Weapons
   134 | D:1      | Reached XP level 2. HP: 26/26 MP: 2/2
   134 | D:1      | 134 ||| INVOKING Spit Poison.
   157 | D:1      | 157 ||| INVOKING Spit Poison.
   175 | D:1      | 175 ||| INVOKING Spit Poison.
   197 | D:1      | 197 ||| INVOKING Spit Poison.
   250 | D:1      | 250 ||| INVOKING Spit Poison.
   254 | D:1      | 254 ||| INVOKING Spit Poison.
   260 | D:1      | 260 ||| INVOKING Spit Poison.
   331 | D:1      | 331 ||| INVOKING Spit Poison.
   360 | D:1      | 360 ||| INVOKING Spit Poison.
   363 | D:1      | Reached XP level 3. HP: 32/32 MP: 3/3
   458 | D:1      | 458 ||| INVOKING Spit Poison.
   466 | D:1      | 466 ||| INVOKING Spit Poison.
   471 | D:1      | 471 ||| INVOKING Spit Poison.
   474 | D:1      | 474 ||| INVOKING Spit Poison.
   480 | D:1      | 480 ||| INVOKING Spit Poison.
   628 | D:1      | 628 ||| INVOKING Spit Poison.
   701 | D:1      | 701 ||| INVOKING Spit Poison.
   717 | D:1      | 717 ||| INVOKING Spit Poison.
   736 | D:1      | 736 ||| UPGRADING to +6 ring of dexterity.
   737 | D:1      | 737 ||| READING scroll labelled USSARAOTUO.
   838 | D:1      | 838 ||| READING 2 scrolls labelled TAUSMU FEUCRUEN.
   839 | D:1      | 839 ||| READING scroll labelled FAPRUK KYRRAI.
   840 | D:1      | 840 ||| READING scroll labelled DUZYEP RAMYA.
   841 | D:1      | 841 ||| DROPPING scroll of butterflies.
   890 | D:2      | 890 ||| INVOKING Spit Poison.
   911 | D:2      | 911 ||| INVOKING Spit Poison.
   933 | D:2      | 933 ||| INVOKING Spit Poison.
   936 | D:2      | 936 ||| INVOKING Spit Poison.
   937 | D:2      | 937 ||| INVOKING Spit Poison.
   965 | D:2      | 965 ||| INVOKING Spit Poison.
  1006 | D:2      | 1006 ||| INVOKING Spit Poison.
  1014 | D:2      | 1014 ||| INVOKING Spit Poison.
  1038 | D:2      | 1038 ||| INVOKING Spit Poison.
  1042 | D:2      | 1042 ||| INVOKING Spit Poison.
  1044 | D:2      | Reached skill level 5 in Ranged Weapons
  1044 | D:2      | Reached XP level 4. HP: 35/39 MP: 4/4
  1086 | D:2      | 1086 ||| INVOKING Spit Poison.
  1131 | D:2      | 1131 ||| INVOKING Spit Poison.
  1240 | D:2      | 1240 ||| INVOKING Spit Poison.
  1243 | D:2      | 1243 ||| READING scroll labelled KUOB ANAAQUSU.
  1244 | D:2      | 1244 ||| READING scroll labelled GAISI FENIMOFA.
  1245 | D:2      | 1245 ||| READING 3 scrolls of identify.
  1245 | D:2      | 1245 ||| IDENTIFYING fuming red potion
  1246 | D:2      | 1246 ||| READING 2 scrolls of identify.
  1246 | D:2      | 1246 ||| IDENTIFYING coppery potion
  1251 | D:3      | Noticed Natasha
  1252 | D:3      | 1252 ||| PLANNING SEWER
  1252 | D:3      | 1252 ||| INVOKING Spit Poison.
  1255 | D:3      | 1255 ||| STAIRDANCE
  1258 | D:2      | 1258 ||| INVOKING Spit Poison.
  1260 | D:2      | HP: 8/40 [Natasha (5)]
  1261 | D:2      | HP: 2/40 [Natasha (6)]
  1262 | D:2      | Killed from afar by Natasha

Levels and vault maps discovered:
D:1:      minmay_arrival_diagonal_passages, layout_loops_cross,
          chequers_serial_rivers_room_a
D:2:      minmay_angry_zag, layout_rooms
D:3:      layout_rooms, gup_sewer_entry_bowl, uniq_sigmund, uniq_pargi,
          uniq_natasha

Skill      XL: |  1  2  3 |
---------------+----------+-----
Ranged Weapons | 4 5 |  5.0
Fighting       | |  2.5
Dodging        | |  1.5
Stealth        | |  1.5

Action                     |  1- 3 |  4- 6 || total
---------------------------+-------+-------++-------
   Fire: Shortbow          |    71 |    14 ||    85
Ability: Spit Poison       |    28 |     5 ||    33
    Use: Scroll            |     4 |     4 ||     8
 Armour: Leather armour    |     4 |     1 ||     5
  Dodge: Dodged            |    22 |     1 ||    23

Table legend:
 A = Non-vault XP
 B = Vault XP
 C = Vault XP percentage of total XP
 D = Non-vault monster count
 E = Vault monster count
 F = Vault count percentage of total count
                 A         B        C        D         E       F
            +---------+---------+-------+---------+---------+-------
      Total |     122 |       4 |   3.2 |      43 |       3 |   6.5
            +---------+---------+-------+---------+---------+-------
        D:1 |      55 |       0 |   0.0 |      29 |       0 |   0.0
        D:2 |      67 |       4 |   5.6 |      14 |       3 |  17.6
            +---------+---------+-------+---------+---------+-------
